 Dungeon Crawl Stone Soup version 0.20.0-7-g3b7b877 (webtiles) character file.

835 McKennaii the Covert (level 7, -1/46 HPs)
             Began as an Octopode Assassin on May 28, 2017.
             Slain by an ice beast (2 damage)
             ... on level 5 of the Dungeon.
             The game lasted 00:08:02 (5612 turns).

McKennaii the Covert (Octopode Assassin)            Turns: 5612, Time: 00:08:03

Health: -1/46      AC:  4    Str: 10    XL:     7   Next: 99%
Magic:  7/7        EV: 14    Int: 14    God:
Gold:   138        SH:  4    Dex: 15    Spells: 6/6 levels left

rFire    + . .     SeeInvis .   a - +2 dagger
rCold    . . .     Gourm    .   e - +0 buckler
rNeg     . . .     Faith    .   (helmet restricted)
rPois    .         Spirit   .   (no amulet)
rElec    .         Reflect  .   h - +3 ring of protection
rCorr    .         Harm     .   k - ring of protection from fire
MR       .....                  (no ring)
Stlth    +++++.....             (no ring)
Regen    0.2/turn               (no ring)
MPRegen  0.1/turn               (no ring)
                                (no ring)
                                (no ring)

@: no status effects
A: almost no armour, stealthy swim, amphibious, 8 rings, constrict 8, camouflage
1, gelatinous body 1
a: no special abilities


You were on level 5 of the Dungeon.
You were not hungry.

You visited 2 branches of the dungeon, and saw 6 of its levels.

You collected 138 gold pieces.

Inventory:

Hand Weapons
 a - a +2 dagger (weapon)
 b - a +0 blowgun
Missiles
 c - 15 poisoned needles (quivered)
 d - 2 curare-tipped needles
Armour
 e - a +0 buckler (worn)
Jewellery
 h - a +3 ring of protection (left tentacle)
 k - a ring of protection from fire (right tentacle)
 s - an uncursed ring of see invisible {unknown}
Scrolls
 g - 2 scrolls of amnesia {unknown}
 i - a scroll of enchant armour {unknown}
 j - 3 scrolls of identify {unknown}
 n - 3 scrolls of fear {unknown}
 o - 5 scrolls of teleportation {unknown}
 r - 2 scrolls of enchant weapon {unknown}
 y - 2 scrolls of remove curse {unknown}
Potions
 m - a potion of curing {unknown}
 p - 4 potions of flight {unknown}
 q - a potion of heal wounds {unknown}
 t - a potion of haste {unknown}
 u - a potion of brilliance {unknown}
 w - a potion of lignification {unknown}
 x - a potion of mutation {unknown}
 z - a potion of cancellation {unknown}
Comestibles
 f - 7 bread rations
 l - 7 fruits
 v - 6 chunks of flesh
 B - a meat ration


   Skills:
 + Level 3.4 Fighting
 + Level 4.5 Short Blades
 + Level 2.6 Throwing
 + Level 3.4 Dodging
 + Level 9.6 Stealth
 + Level 1.0 Shields


You had 6 spell levels left.
You didn't know any spells.

Dungeon Overview and Level Annotations

Branches:
Dungeon (5/15)             Temple (1/1) D:4

Altars:
Ashenzari
Cheibriados
Hepliaklqana
Kikubaaqudgha
Makhleb
Nemelex Xobeh
Okawaru
Qazlal
Ru
Trog
Uskayaw
Vehumet
Xom
Yredelemnul
Zin
The Shining One


Innate Abilities, Weirdness & Mutations

You cannot wear most types of armour.
You are very stealthy in the water. (Stealth+)
You are amphibious.
You can wear up to eight rings at the same time.
You can use your tentacles to constrict eight enemies at once.
Your skin changes colour to match your surroundings (Stealth+).
Your rubbery body absorbs attacks. (AC +1, EV +1)


Message History

The ice beast completely misses you.
You hit the ice beast but do no damage.
The ice beast is heavily wounded.
The ice beast closely misses you.
Your shield prevents you from hitting the ice beast.
You squeeze the ice beast.
The ice beast is severely wounded.
You hit the ice beast.
The ice beast is severely wounded.
The ice beast hits you. The ice beast freezes you!
You closely miss the ice beast. Your squeeze misses the ice beast.
The ice beast is severely wounded.
The ice beast hits you.
* * * LOW HITPOINT WARNING * * *
The ice beast freezes you!
* * * LOW HITPOINT WARNING * * *
You hit the ice beast but do no damage. You squeeze the ice beast.
The ice beast is severely wounded.
The ice beast hits you.
You die...

+.....<.....
####†.....##
#.†##### #.## #.#
#+# #.# #.# #.#
#Y########.#
##@##.....#.#
##...#.###.#.#
###............#
...........##.###
.#####.##.###.#
#.##.# #.# #.##.#
#.# #.##.. ..# #.
### ###


You could see an ice beast.

Vanquished Creatures
  Sigmund (D:3)
  A sky beast (D:5)
  A centaur (D:5)
  Blork the orc (D:5)
  A hound (D:4)
  Crazy Yiuf (D:3)
  A bullfrog skeleton (D:4)
  2 orc wizards (D:3)
  A worker ant (D:3)
  An iguana (D:4)
  A killer bee zombie (D:5)
  A hound skeleton (D:5)
  Robin (D:2)
  3 gnolls (D:3)
  5 adders
  A shadow imp (D:5)
  An ooze (D:5)
  5 worms
  A dart slug (D:2)
  2 leopard geckos
  9 orcs
  3 ball pythons
  9 bats
  4 giant cockroaches
  13 goblins
  10 hobgoblins
  10 jackals
  3 quokkas
  9 frilled lizards
  9 kobolds
  8 rats
119 creatures vanquished.

Notes
Turn   | Place    | Note
-------+----------+-------------------------------------------
     0 | D:1      | McKennaii the Octopode Assassin began the quest for the Orb.
     0 | D:1      | Reached XP level 1. HP: 14/14 MP: 1/1
   244 | D:1      | Reached XP level 2. HP: 18/19 MP: 2/2
   316 | D:1      | Reached skill level 6 in Stealth
   520 | D:2      | Noticed Robin
   523 | D:2      | Reached XP level 3. HP: 22/24 MP: 3/3
   534 | D:2      | Killed Robin
   550 | D:2      | Reached XP level 4. HP: 20/29 MP: 4/4
   906 | D:2      | Reached skill level 7 in Stealth
  1500 | D:3      | Noticed Sigmund
  1516 | D:3      | Killed Sigmund
  1516 | D:3      | Reached skill level 8 in Stealth
  1516 | D:3      | Reached XP level 5. HP: 27/35 MP: 5/5
  1516 | D:3      | Reached XP level 6. HP: 32/41 MP: 6/6
  1960 | D:3      | Found a runed door.
  2955 | D:3      | Noticed Crazy Yiuf
  2959 | D:3      | Killed Crazy Yiuf
  3088 | D:4      | HP: 1/41 [iguana (11)]
  3506 | D:4      | Found a staircase to the Ecumenical Temple.
  3818 | D:4      | Reached XP level 7. HP: 45/45 MP: 7/7
  4222 | Temple   | Entered the Ecumenical Temple
  4449 | D:5      | Entered Level 5 of the Dungeon
  4449 | D:5      | Noticed Blork the orc
  4454 | D:5      | Killed Blork the orc
  4454 | D:5      | Reached skill level 9 in Stealth
  4605 | D:5      | Reached skill level 1 in Shields
  5611 | D:5      | HP: 1/46 [ice beast (12)]
  5612 | D:5      | Slain by an ice beast

Skill      XL: |  1  2  3  4  5  6  7 |
---------------+----------------------+-----
Stealth        | 6 8 9 |  9.6
Short Blades   | 3 4 |  4.5
Dodging        | 2 3 |  3.4
Fighting       | 3 |  3.4
Shields        | 1 |  1.0
Throwing       | |  2.6

Action                   |  1- 3 |  4- 6 |  7- 9 || total
-------------------------+-------+-------+-------++-------
Melee: Dagger            |    56 |   141 |    95 ||   292
       Constrict         |    17 |    26 |    14 ||    57
       Tentacles         |    11 |    25 |    21 ||    57
 Stab: Sleeping          |     5 |    20 |     8 ||    33
       Distracted        |       |     2 |       ||     2
  Eat: Chunk             |       |     6 |     3 ||     9
       Fruit             |       |     2 |       ||     2
       Royal jelly       |       |       |     2 ||     2
Armor: Skin              |    17 |    28 |    15 ||    60
Dodge: Dodged            |    26 |    66 |    52 ||   144
Block: Buckler           |     8 |    13 |     9 ||    30
